 Dungeon Crawl Stone Soup version 0.27-a0-909-g0721f309d1 (webtiles) character file.

Game seed: 17683858101776878651

116 kae the Insei (level 4, 0/35 HPs)
             Began as a Demonspawn Gladiator on Apr 8, 2021.
             Killed by divine providence
             ... invoked by an orc priest
              (12 damage)
             ... on level 3 of the Dungeon.
             The game lasted 00:00:52 (2904 turns).

kae the Insei (Demonspawn Gladiator)                Turns: 2904, Time: 00:00:52

Health: 0/35       AC:  4    Str: 15    XL:     4   Next: 70%
Magic:  4/4        EV: 13    Int:  9    God:
Gold:   38         SH:  0    Dex: 15    Spells: 3/3 levels left

rFire    . . .     SeeInvis .     - Unarmed
rCold    . . .     Faith    .   (no shield)
rNeg     . . .     Spirit   .   a - +0 leather armour
rPois    .         Reflect  .   b - +0 helmet
rElec    .         Harm     .   (no cloak)
rCorr    .         Rampage  .   (no gloves)
Will     .....                  (no boots)
Stlth    +.........             (no amulet)
HPRegen  0.11/turn              (no ring)
MPRegen  0.09/turn              (no ring)

@: no status effects
A: ignite blood 1, demonic magic 2
a: no special abilities


You were on level 3 of the Dungeon.
You visited 1 branch of the dungeon, and saw 3 of its levels.

You collected 38 gold pieces.

Inventory:

Missiles
 c - 3 throwing nets (quivered)
Armour
 a - a +0 leather armour (worn)
 b - a +0 helmet (worn)
Scrolls
 h - 3 scrolls of identify {unknown}
Potions
 d - a potion of invisibility {unknown}
 e - 2 potions of degeneration {unknown}
 f - a potion of haste {unknown}
 g - a potion of heal wounds {unknown}


   Skills:
 + Level 3.0 Fighting
 - Level 1.7 Throwing
 + Level 3.4 Dodging
 * Level 4.0 Unarmed Combat


You had 3 spell levels left.
You didn't know any spells.
Your spell library was empty.

Dungeon Overview and Level Annotations

Branches:
Dungeon (3/15)

Altars:


Innate Abilities, Weirdness & Mutations

Your demonic aura sometimes causes spilled blood to erupt in flames Spells you cast may paralyse nearby enemies.


Message History

The giant cockroach is almost dead.
The giant cockroach barely misses you.
A giant cockroach is nearby!
You hit the giant cockroach but do no damage.
The giant cockroach is almost dead.
The giant cockroach closely misses you.
You hit the giant cockroach.
You kill the giant cockroach!
Found a spear.
No target in view!
No target in view!
An orc comes into view. It is wielding a +0 club.
The orc shouts!
You hear a shout! x2
An orc comes into view. It is wielding a +0 club.
An orc priest comes into view. It is wielding a +0 club.
You hear an angry hiss.
The orc priest shouts!
The orc priest looks satisfied for a moment.
A hobgoblin comes into view.
There are monsters nearby!
An orc and an orc priest come into view.
The orc shouts!
You hit the orc but do no damage.
The orc priest calls down the wrath of Beogh upon you.
Beogh smites you!
A frilled lizard comes into view.
There are monsters nearby!
You closely miss the orc.
The orc priest begins to cast a cantrip, but forgets the words!
The orc barely misses you. x2
You closely miss the orc. The orc hits you with a +0 club. x2
You are too injured to fight recklessly!
You are too injured to fight recklessly!
The orc barely misses you.
The orc priest begins to cast a cantrip, but forgets the words!
The orc priest invokes the aid of Beogh against you.
Beogh smites you!
The orc priest calls down the wrath of Beogh upon you.
Beogh smites you!
You die...

#...######.#
##o..######.#
#.oo........#
#....#####..# #...g#
#...# #.l..# #..##
#o.>.# #..#
#o...####..# .
#@.....##..##.# ...
#.#...........#
.....####.##.#.##..####
.......<..)..#.##..##
.....##...............
... #.#..........### .
#.############ #.# ).#


You could see 2 orc priests, 3 orcs, a hobgoblin and a frilled lizard.

Vanquished Creatures
  An ogre (D:3)
  4 endoplasms (D:1)
  3 giant cockroaches
  5 goblins
  3 hobgoblins (D:1)
  4 kobolds
  A quokka (D:1)
  A ball python (D:1)
  4 bats
  2 frilled lizards
  2 rats (D:1)
30 creatures vanquished.

Vanquished Creatures (others)
  4 toadstools (D:2)
4 creatures vanquished.

Grand Total: 34 creatures vanquished

Notes
Turn   | Place    | Note
-------+----------+-------------------------------------------
     0 | D:1      | kae the Demonspawn Gladiator began the quest for the Orb.
     0 | D:1      | Reached XP level 1. HP: 16/16 MP: 1/1
   294 | D:1      | Found a faded altar of an unknown god.
   362 | D:1      | Reached skill level 3 in Unarmed Combat
   486 | D:1      | Gained mutation: Spells you cast may paralyse adjacent
                  | enemies. [demonic ancestry]
   486 | D:1      | Reached XP level 2. HP: 20/22 MP: 2/2
  2157 | D:2      | Gained mutation: Spells you cast may paralyse nearby
                  | enemies. [demonic ancestry]
  2157 | D:2      | Reached XP level 3. HP: 28/28 MP: 3/3
  2660 | D:3      | Noticed an ogre
  2673 | D:3      | Killed an ogre
  2674 | D:3      | Reached skill level 4 in Unarmed Combat
  2674 | D:3      | Gained mutation: Your demonic aura sometimes causes spilled
                  | blood to erupt in flames [demonic ancestry]
  2674 | D:3      | Reached XP level 4. HP: 14/35 MP: 4/4
  2904 | D:3      | Killed from afar by an orc priest

Illustrated notes

Levels and vault maps discovered:
D:1:      nicolae_arrival_washed_ashore, layout_basic,
          shapermc_ecumenical_altar_gd
D:2:      layout_basic, minmay_gold_behind_fungi, kennysheep_generic_room_11
D:3:      cheibrodos_old_hovel, layout_loops_ring, lightli_corner_chamber

Skill      XL: |  1  2  3 |
---------------+----------+-----
Unarmed Combat | 3 4 |  4.0
Dodging        | 3 |  3.4
Fighting       | 3 |  3.0
Throwing       | |  1.7

Action                   |  1- 3 |  4- 6 || total
-------------------------+-------+-------++-------
Melee: Unarmed           |   109 |     8 ||   117
       Punch             |     1 |       ||     1
  Use: Scroll            |     1 |       ||     1
 Stab: Sleeping          |     1 |       ||     1
Armor: Leather armour    |    35 |     2 ||    37
Dodge: Dodged            |    68 |     6 ||    74

Table legend: (Time is in decaauts)
 A = Elapsed time spent in this place.
 B = Non-inter-level travel time spent in this place.
 C = Inter-level travel time spent in this place.
 D = Time resting spent in this place.
 E = Time spent auto-exploring this place.
 F = Levels seen in this place.
 G = Mean time per level.
                   A        B        C        D        E       F      G
               +--------+--------+--------+--------+--------+-----+--------+
         Total |   2896 |   2811 |     85 |      0 |   2573 |   3 |  965.3 |
       Dungeon |   2896 |   2811 |     85 |      0 |   2573 |   3 |  965.3 |
               +--------+--------+--------+--------+--------+-----+--------+

Top non-repeatable levels by time:
     D:1: 1854 daAuts
     D:2: 798 daAuts
     D:3: 243 daAuts
